Map: Ruins of Seras

Players

BowmanSX (bowman) - Winner!

  • Race: Protoss Protoss
  • League: Grandmaster

Fusion

  • Race: Protoss Protoss
  • League: Master

VOD

https://youtu.be/yHDncP1UCcU

Description

Time

  • Played on: Dec. 31, 2015, 4:14 p.m.
  • Length: 8:04
Show
View Real Time Build Order
Export as new Build Order

BowmanSX Protoss - Winner!

Build Orders:  

Get SALT Encoding   

  12  0:01  Probe (Chrono Boost)  
  13  0:12  Probe (Chrono Boost)  
  14  0:18  Pylon  
  14  0:22  Probe (Chrono Boost)  
  15  0:32  Assimilator  
  15  0:37  Probe (Chrono Boost)  
  16  0:48  Probe (Chrono Boost)  
  17  0:58  Probe (Chrono Boost)  
  18  1:07  Nexus  
  18  1:11  Probe (Chrono Boost)  
  19  1:21  Gateway  
  19  1:24  Probe (Chrono Boost)  
  20  1:28  Assimilator  
  20  1:34  Probe (Chrono Boost)  
  21  1:45  Probe (Chrono Boost)  
  21  1:46  Pylon  
  22  1:55  Probe (Chrono Boost)  
  22  1:56  Gateway  
  23  2:06  Probe (Chrono Boost)  
  24  2:09  Cybernetics Core  
  24  2:16  Probe (Chrono Boost)  
  24  2:20  Probe (Chrono Boost)  
  26  2:27  Probe (Chrono Boost)  
  27  2:30  Probe (Chrono Boost)  
  28  2:37  Probe (Chrono Boost)  
  28  2:40  Probe (Chrono Boost)  
  28  2:42  Warp Gate  
  30  2:45  Adept x2 (Chrono Boost)  
  30  2:48  Mothership Core  
  36  2:54  Probe  
  37  3:05  Robotics Facility  
  31  3:15  Probe (Chrono Boost)  
  31  3:16  Probe (Chrono Boost)  
  33  3:25  Stalker, Pylon  
  33  3:26  Probe (Chrono Boost)  
  34  3:29  Probe (Chrono Boost)  
  34  3:33  Stalker  
  38  3:53  Probe (Chrono Boost)  
  37  4:10  Immortal (Chrono Boost)  
  37  4:13  Stalker  
  41  4:18  Gateway  
  41  4:20  Pylon  
  45  4:45  Immortal (Chrono Boost)  
  42  4:55  Probe x2  
  42  4:56  Stalker x2  
  44  5:21  Stalker x2  
  40  5:33  Pylon  
  40  5:35  Pylon  
  35  5:44  Probe  
  35  5:47  Stalker x2  
  35  5:49  Probe  
  35  5:56  Probe  
  35  5:58  Stalker  
  35  6:02  Mothership Core (Chrono Boost)  
  39  6:08  Stalker, Probe (Chrono Boost)  
  42  6:11  Adept  
  40  6:22  Probe (Chrono Boost)  
  41  6:36  Adept x2  
  41  6:37  Zealot, Pylon  
  41  6:39  Probe (Chrono Boost), Pylon  
  49  6:40  Probe (Chrono Boost)  
  49  6:49  Probe (Chrono Boost)  
  49  6:51  Probe (Chrono Boost)  
  51  6:57  Stalker  
  51  7:00  Probe  
  54  7:03  Stalker  
  56  7:09  Stalker  
  54  7:19  Stalker  
  56  7:24  Zealot  
  56  7:25  Pylon  
  58  7:36  Adept  
  48  7:43  Stalker  
  32  7:53  Stalker  
  32  7:57  Stalker  
Show
View Real Time Build Order
Export as new Build Order

Fusion Protoss 

Build Orders: Oracle Opening, Mass Adepts 

Get SALT Encoding   

  12  0:01  Probe (Chrono Boost)  
  13  0:11  Probe (Chrono Boost)  
  14  0:18  Pylon  
  14  0:22  Probe (Chrono Boost)  
  15  0:36  Probe (Chrono Boost)  
  15  0:37  Gateway  
  16  0:45  Assimilator  
  16  0:47  Probe (Chrono Boost)  
  17  0:57  Probe (Chrono Boost)  
  17  0:58  Assimilator  
  18  1:08  Probe (Chrono Boost)  
  18  1:09  Gateway  
  20  1:18  Probe (Chrono Boost)  
  20  1:26  Cybernetics Core  
  20  1:29  Probe (Chrono Boost)  
  21  1:35  Pylon  
  21  1:39  Probe (Chrono Boost)  
  22  1:50  Probe (Chrono Boost)  
  23  2:03  Adept x2, Warp Gate (Chrono Boost)  
  23  2:05  Pylon  
  27  2:24  Gateway  
  27  2:25  Stargate  
  27  2:34  Adept  
  29  2:39  Adept  
  31  2:59  Pylon  
  31  3:11  Oracle (Chrono Boost)  
  32  3:17  Adept x3  
  36  3:46  Void Ray (Chrono Boost)  
  38  4:01  Adept  
  38  4:05  Adept x2  
  40  4:20  Pylon  
  44  4:24  Void Ray (Chrono Boost)  
  44  4:41  Adept x2  
  44  4:42  Adept  
  48  5:20  Stalker  
  48  5:21  Stalker x2  
  42  5:29  Void Ray (Chrono Boost)  
  36  5:53  Adept x3  
  39  6:06  Void Ray (Chrono Boost)  
  39  6:31  Adept x3  
  49  6:47  Void Ray (Chrono Boost)  
  49  6:52  Zealot  
  49  6:53  Zealot  
  53  6:56  Adept  
  48  7:20  Adept x3  
  30  7:55  Stalker x3  
Tags
 
Add a new tag
Caveats
  • Supply blocks, unpowered buildings, or Contaminate may cause inaccurate times.
  • Supply counts are checked every 10 seconds.